RL
OMAHA BLACKBIRDS @ PUHI DOLPHINS
04/27/2060
 
TOP OF THE 1ST
Omaha Blackbirds batting - Pitching for Puhi Dolphins : RHP Randy Royer
Pitching: RHP Randy Royer
Batting: RHB Mason Lorusso 0-0: Ball
1-0: Ball
2-0: Ball
3-0: Foul Ball, location: 2F
3-1: Called Strike
3-2: Strikes out swinging
Batting: LHB Merrill Eubanks 0-0: Swinging Strike
0-1: Fly out, F8 (Flyball, 89D, EV 92.5 MPH)
Batting: RHB Earnest Miller 0-0: Called Strike
0-1: Ball
1-1: Ball
2-1: Fly out, F9 (Flyball, 9, EV 90.6 MPH)
Top of the 1st over - 0 runs, 0 hits, 0 errors, 0 left on base; Omaha 0 - Puhi 0
BOTTOM OF THE 1ST
Puhi Dolphins batting - Pitching for Omaha Blackbirds : LHP Jon Murphy
Pitching: LHP Jon Murphy
Batting: RHB Cole Perkins 0-0: Foul Ball, location: 2F
0-1: Ball
1-1: Foul Ball, location: 2F
1-2: Foul Ball, location: 2F
1-2: Ground out 6-3 (Groundball, 6, EV 86.2 MPH)
Batting: SHB Nathaniel Cossey 0-0: Fly out, F8 (Flyball, 8RD, EV 92.5 MPH)
Batting: RHB Kelly Brown 0-0: Ground out 3-1 (Groundball, 34, EV 99.4 MPH)
Bottom of the 1st over - 0 runs, 0 hits, 0 errors, 0 left on base; Omaha 0 - Puhi 0
TOP OF THE 2ND
Omaha Blackbirds batting - Pitching for Puhi Dolphins : RHP Randy Royer
Batting: LHB Abdoul Ren 0-0: Swinging Strike
0-1: Ball
1-1: Foul Ball, location: 2F
1-2: Foul Ball, location: 2F
1-2: Foul Ball, location: 2F
1-2: Strikes out swinging
Batting: RHB Evan Kresse 0-0: Swinging Strike
0-1: Ball
1-1: Ground out 6-3 (Groundball, 6, EV 88.8 MPH)
Batting: RHB Toby Berry 0-0: Ball
1-0: Ball
2-0: Called Strike
2-1: Called Strike
2-2: Ball
3-2: Foul Ball, location: 2F
3-2: Foul Ball, location: 2F
3-2: Fly out, F8 (Flyball, 8RM, EV 75.6 MPH)
Top of the 2nd over - 0 runs, 0 hits, 0 errors, 0 left on base; Omaha 0 - Puhi 0
BOTTOM OF THE 2ND
Puhi Dolphins batting - Pitching for Omaha Blackbirds : LHP Jon Murphy
Batting: RHB Jonathan Hooper 0-0: Ground out 5-3 (Groundball, 56, EV 87.5 MPH)
Batting: LHB Colton Clem 0-0: Ball
1-0: Called Strike
1-1: DOUBLE (Line Drive, 9LS, EV 105.6 MPH)
Batting: RHB Donald Bartell 0-0: Called Strike
0-1: Ball
1-1: Swinging Strike
1-2: Foul Ball, location: 2F
1-2: Ball
2-2: Strikes out swinging
Batting: RHB Jaylen McNally 0-0: Called Strike
0-1: Called Strike
0-2: Ball
1-2: Foul Ball, location: 2F
1-2: SINGLE (Groundball, 56S, EV 62.5 MPH) (infield hit)
Colton Clem to third
Batting: RHB Sheik Kruger 0-0: Foul Ball, location: 2F
0-1: Swinging Strike
0-2: Ball
1-2: Foul Ball, location: 2F
1-2: Strikes out swinging
Bottom of the 2nd over - 0 runs, 2 hits, 0 errors, 2 left on base; Omaha 0 - Puhi 0
TOP OF THE 3RD
Omaha Blackbirds batting - Pitching for Puhi Dolphins : RHP Randy Royer
Batting: RHB Brendan Hamman 0-0: Ball
1-0: Swinging Strike
1-1: Ball
2-1: Called Strike
2-2: Fly out, F6 (Popup, 56, EV 58.8 MPH)
Batting: RHB Lindy Armijo 0-0: SINGLE (Groundball, 34D, EV 101.2 MPH)
Batting: RHB Ruben Kilohana 0-0: Called Strike
Lindy Armijo is caught stealing 2nd base 2-4
0-1: Ball
1-1: Ball
2-1: Ball
3-1: Foul Ball, location: 2F
3-2: Strikes out swinging
Top of the 3rd over - 0 runs, 1 hit, 0 errors, 0 left on base; Omaha 0 - Puhi 0
BOTTOM OF THE 3RD
Puhi Dolphins batting - Pitching for Omaha Blackbirds : LHP Jon Murphy
Batting: RHB Noah Fazliu 0-0: SINGLE (Groundball, 56D, EV 104.4 MPH)
Batting: RHB Cole Perkins 0-0: Ball
1-0: Ball
2-0: 2-RUN HOME RUN (Flyball, 7D, EV 100.0 MPH), Distance : 382 ft
Batting: SHB Nathaniel Cossey 0-0: SOLO HOME RUN (Flyball, 9D, EV 96.2 MPH), Distance : 380 ft
Batting: RHB Kelly Brown 0-0: Ball
1-0: Foul Ball, location: 2F
1-1: Hit by Pitch
Batting: RHB Jonathan Hooper 0-0: Grounds into double play, 4-6-3 (Groundball, 4, EV 102.5 MPH)
Batting: LHB Colton Clem 0-0: Foul Ball, location: 2F
0-1: Foul Ball, location: 2F
0-2: Ball
1-2: Ball
2-2: Ball
3-2: SINGLE (Groundball, 4MD, EV 103.1 MPH)
Batting: RHB Donald Bartell 0-0: Swinging Strike
0-1: Called Strike
0-2: Ball
1-2: Strikes out swinging
Bottom of the 3rd over - 3 runs, 4 hits, 0 errors, 1 left on base; Omaha 0 - Puhi 3
TOP OF THE 4TH
Omaha Blackbirds batting - Pitching for Puhi Dolphins : RHP Randy Royer
Batting: RHB Mason Lorusso 0-0: Foul Ball, location: 2F
0-1: Foul Ball, location: 2F
0-2: Strikes out looking
Batting: LHB Merrill Eubanks 0-0: Ball
1-0: Ball
2-0: Fly out, F8 (Flyball, 8LXD, EV 83.1 MPH)
Batting: RHB Earnest Miller 0-0: Ball
1-0: Foul Ball, location: 2F
1-1: SINGLE (Flyball, 3D, EV 94.4 MPH) - OUT at second base trying to stretch hit.
Top of the 4th over - 0 runs, 1 hit, 0 errors, 0 left on base; Omaha 0 - Puhi 3
BOTTOM OF THE 4TH
Puhi Dolphins batting - Pitching for Omaha Blackbirds : LHP Jon Murphy
Batting: RHB Jaylen McNally 0-0: Called Strike
0-1: Called Strike
0-2: Strikes out swinging
Batting: RHB Sheik Kruger 0-0: Fly out, F8 (Flyball, 89D, EV 88.8 MPH)
Batting: RHB Noah Fazliu 0-0: Ball
1-0: Ball
2-0: Called Strike
2-1: Ball
3-1: Swinging Strike
3-2: Base on Balls
Batting: RHB Cole Perkins 0-0: Ball
1-0: Fielders Choice at 2nd, 6-4 (Groundball, 56D, EV 110.0 MPH)
Bottom of the 4th over - 0 runs, 0 hits, 0 errors, 1 left on base; Omaha 0 - Puhi 3
TOP OF THE 5TH
Omaha Blackbirds batting - Pitching for Puhi Dolphins : RHP Randy Royer
Batting: LHB Abdoul Ren 0-0: Ground out 4-3 (Groundball, 4MS, EV 68.8 MPH)
Batting: RHB Evan Kresse 0-0: Ball
1-0: Ball
2-0: Called Strike
2-1: Foul Ball, location: 2F
2-2: Hit by Pitch
Batting: RHB Toby Berry 0-0: Ball
1-0: Fielders Choice at 2nd, 5-4 (Groundball, 5, EV 86.2 MPH)
Batting: RHB Brendan Hamman 0-0: Foul Ball, location: 2F
0-1: Foul Ball, location: 2F
0-2: Ball
1-2: Ball
2-2: Fly out, F3 (Popup, 23F, EV 93.1 MPH)
Top of the 5th over - 0 runs, 0 hits, 0 errors, 1 left on base; Omaha 0 - Puhi 3
BOTTOM OF THE 5TH
Puhi Dolphins batting - Pitching for Omaha Blackbirds : LHP Jon Murphy
Batting: SHB Nathaniel Cossey 0-0: Called Strike
0-1: Ball
1-1: Ball
2-1: Foul Ball, location: 2F
2-2: Strikes out swinging
Batting: RHB Kelly Brown 0-0: Ball
1-0: Swinging Strike
1-1: Foul Ball, location: 2F
1-2: Foul Ball, location: 2F
1-2: Ball
2-2: Ground out 5-3 (Groundball, 5, EV 88.8 MPH)
Batting: RHB Jonathan Hooper 0-0: Ball
1-0: Swinging Strike
1-1: Called Strike
1-2: Ball
2-2: SOLO HOME RUN (Flyball, 8LXD, EV 107.5 MPH), Distance : 446 ft
Batting: LHB Colton Clem 0-0: Called Strike
0-1: Called Strike
0-2: Ball
1-2: Strikes out looking
Bottom of the 5th over - 1 run, 1 hit, 0 errors, 0 left on base; Omaha 0 - Puhi 4
TOP OF THE 6TH
Omaha Blackbirds batting - Pitching for Puhi Dolphins : RHP Randy Royer
Batting: RHB Lindy Armijo 0-0: Ball
1-0: Called Strike
1-1: Ball
2-1: Ball
3-1: Base on Balls
Batting: RHB Ruben Kilohana 0-0: Ball
1-0: Ball
Lindy Armijo is caught stealing 2nd base 2-4
2-0: Foul Ball, location: 2F
2-1: Ball
3-1: Swinging Strike
3-2: Strikes out looking and he ARGUES THE CALL AND IS TOSSED!
Batting: RHB Mason Lorusso 0-0: Ball
1-0: Ball
2-0: SOLO HOME RUN (Flyball, 7D, EV 99.4 MPH), Distance : 383 ft
Batting: LHB Merrill Eubanks 0-0: Foul Ball, location: 2F
0-1: Ball
1-1: Swinging Strike
1-2: Ball
2-2: Ground out 6-3 (Groundball, 4M, EV 86.9 MPH)
Top of the 6th over - 1 run, 1 hit, 0 errors, 0 left on base; Omaha 1 - Puhi 4
BOTTOM OF THE 6TH
Puhi Dolphins batting - Pitching for Omaha Blackbirds : LHP Jon Murphy
Now at 2B: Greg Stein
Batting: RHB Donald Bartell 0-0: Ball
1-0: Foul Ball, location: 2F
1-1: Ball
2-1: Ground out 6-3 (Groundball, 6S, EV 89.4 MPH)
Pitching: RHP Sayid Jones
Batting: RHB Jaylen McNally 0-0: Called Strike
0-1: Ball
1-1: Ball
2-1: Fly out, F9 (Line Drive, 89M, EV 95.0 MPH)
Batting: RHB Sheik Kruger 0-0: Fly out, F9 (Line Drive, 89M, EV 85.6 MPH)
Bottom of the 6th over - 0 runs, 0 hits, 0 errors, 0 left on base; Omaha 1 - Puhi 4
TOP OF THE 7TH
Omaha Blackbirds batting - Pitching for Puhi Dolphins : RHP Randy Royer
Batting: RHB Earnest Miller 0-0: Ball
1-0: Ball
2-0: Ball
3-0: Base on Balls
Batting: LHB Abdoul Ren 0-0: Called Strike
0-1: Ball
1-1: Grounds into double play, 4-6-3 (Groundball, 4, EV 77.5 MPH)
Batting: RHB Evan Kresse 0-0: Ball
1-0: Foul Ball, location: 2F
1-1: Ball
2-1: Foul Ball, location: 2F
2-2: Strikes out swinging
Top of the 7th over - 0 runs, 0 hits, 0 errors, 0 left on base; Omaha 1 - Puhi 4
BOTTOM OF THE 7TH
Puhi Dolphins batting - Pitching for Omaha Blackbirds : RHP Sayid Jones
Batting: LHB Leighton Muhsin 0-0: Ball
1-0: SINGLE (Flyball, 78S, EV 88.8 MPH)
Batting: RHB Cole Perkins 0-0: Bunted foul
0-1: Bunt missed!
0-2: Foul Ball, location: 2F
0-2: Foul Ball, location: 2F
0-2: Ball
1-2: Strikes out looking
Batting: SHB Nathaniel Cossey 0-0: Fly out, F6 (Popup, 6S, EV 76.9 MPH)
Batting: RHB Kelly Brown 0-0: Ball
1-0: Called Strike
1-1: Fly out, F7 (Flyball, 78M, EV 73.8 MPH)
Bottom of the 7th over - 0 runs, 1 hit, 0 errors, 1 left on base; Omaha 1 - Puhi 4
TOP OF THE 8TH
Omaha Blackbirds batting - Pitching for Puhi Dolphins : RHP Randy Royer
Batting: RHB Toby Berry 0-0: Ball
1-0: Ball
2-0: SOLO HOME RUN (Flyball, 7LD, EV 90.6 MPH), Distance : 350 ft
Batting: RHB Brendan Hamman 0-0: Ball
1-0: Called Strike
1-1: Ball
2-1: Ball
3-1: Base on Balls
Batting: RHB Lindy Armijo 0-0: Ball
1-0: Swinging Strike
1-1: Ball
2-1: Foul Ball, location: 2F
2-2: Foul Ball, location: 2F
2-2: Ball
3-2: Base on Balls
Brendan Hamman to second
Pitching: LHP Marcus Welch
Batting: RHB Greg Stein 0-0: Fly out, F9 (Line Drive, 9, EV 91.9 MPH)
Batting: RHB Mason Lorusso 0-0: Ball
1-0: Foul Ball, location: 2F
1-1: Swinging Strike
1-2: Strikes out swinging
Pinch Hitting: SHB Ulisses Muacho 0-0: Called Strike
0-1: Foul Ball, location: 2F
0-2: Foul Ball, location: 2F
0-2: Ball
1-2: Ball
2-2: Fly out, F8 (Flyball, 78M, EV 90.6 MPH)
Top of the 8th over - 1 run, 1 hit, 0 errors, 2 left on base; Omaha 2 - Puhi 4
BOTTOM OF THE 8TH
Puhi Dolphins batting - Pitching for Omaha Blackbirds : RHP Sayid Jones
Now in LF: Ulisses Muacho
Batting: RHB Jonathan Hooper 0-0: Called Strike
0-1: Ground out 4-3 (Groundball, 13, EV 85.6 MPH)
Batting: LHB Colton Clem 0-0: Called Strike
0-1: Ball
1-1: Swinging Strike
1-2: Ball
2-2: Foul Ball, location: 2F
2-2: Ball
3-2: Base on Balls
Batting: RHB Donald Bartell 0-0: Ball
1-0: Fly out, F7 (Flyball, 78S, EV 78.1 MPH)
Batting: RHB Jaylen McNally 0-0: Ball
1-0: Ball
2-0: Foul Ball, location: 2F
2-1: Fly out, F3 (Popup, 3S, EV 71.9 MPH)
Bottom of the 8th over - 0 runs, 0 hits, 0 errors, 1 left on base; Omaha 2 - Puhi 4
TOP OF THE 9TH
Omaha Blackbirds batting - Pitching for Puhi Dolphins : LHP Marcus Welch
Pitching: RHP Caden Seder
Batting: RHB Earnest Miller 0-0: Foul Ball, location: 2F
0-1: Called Strike
0-2: Ball
1-2: Hit by Pitch
Batting: LHB Abdoul Ren 0-0: Ball
1-0: Called Strike
1-1: Ball
2-1: Swinging Strike
2-2: Ball
3-2: Strikes out swinging
Batting: RHB Evan Kresse 0-0: Ball
1-0: Ball
2-0: Called Strike
2-1: Foul Ball, location: 2F
2-2: Foul Ball, location: 2F
2-2: Foul Ball, location: 2F
2-2: Strikes out looking
Pinch Hitting: LHB Josiah Rosenthal 0-0: Swinging Strike
0-1: Ball
1-1: Ball
2-1: Foul Ball, location: 2F
2-2: Strikes out looking
Top of the 9th over - 0 runs, 0 hits, 0 errors, 1 left on base; Omaha 2 - Puhi 4
Monday, April 29th , 2024 - OOTP Baseball 23.10 Build 110